AoeStats
← oddswill

Arena

506239944Analyzed
2v2 RM · 18d ago on Sep 12, 2026· 74m 18s· 4 players
Game mode
Random Map
Map size
Medium (4 player)
Population
200
Speed
Normal
Resources
Standard
Victory
Conquest
Starting age
Dark Age
Ending age
Imperial Age
RankedLock teamsTeams togetherTeam positionsShared explorationLock speedFull tech treeHidden civsTurbo modeCheats
Victory
Defeat
🇦🇷 Franks · Argentina
555
+16
🇦🇷 Bohemians · Argentina
536
+17
🇺🇸 Mongols · United States
564
-17
🇺🇸 Khmer · United States
551
-16
Saveiro 92'
7:09 Loom
11:12 Feudal Age
12:00 Double-Bit Axe
11:57 Horse Collar
14:43 Wheelbarrow
20:51 Castle Age
22:00 Bow Saw
24:19 Hand Cart
25:35 Heavy Plow
30:19 Imperial Age
33:19 Conscription
33:06 Squires
32:26 Pikeman
33:47 Elite Hussite Wagon
36:20 Two-Man Saw
35:35 Forging
35:26 Scale Mail Armor
34:51 Halberdier
35:58 Town Watch
40:58 Iron Casting
40:39 Chain Mail Armor
41:35 Wagenburg Tactics
44:42 Chemistry
44:02 Ballistics
43:23 Treadmill Crane
43:54 Masonry
43:49 Siege Engineers
43:40 Murder Holes
44:50 Houfnice
48:28 Blast Furnace
47:58 Plate Mail Armor
48:04 Coinage
53:11 Town Patrol
Tanguito8934
10:20 Feudal Age
8:36 Loom
10:47 Double-Bit Axe
15:05 Gold Mining
18:52 Castle Age
19:34 Wheelbarrow
18:58 Stone Mining
22:16 Husbandry
24:11 Hand Cart
26:11 Scale Barding Armor
27:42 Gold Shaft Mining
27:21 Bow Saw
31:20 Pikeman
32:00 Squires
37:03 #83
39:41 Imperial Age
40:34 Cavalier
42:30 Halberdier
44:49 Chivalry
44:09 Elite Throwing Axeman
47:28 Paladin
48:41 Chain Barding Armor
48:31 Forging
58:54 Plate Barding Armor
58:55 Iron Casting
58:21 Scale Mail Armor
63:12 Blast Furnace
62:28 Chain Mail Armor
sadsciencee
5:05 Loom
10:16 Feudal Age
16:22 Castle Age
14:51 Double-Bit Axe
15:48 Forging
15:59 Horse Collar
16:43 Bloodlines
18:17 Wheelbarrow
18:51 Bow Saw
22:51 Town Watch
24:53 Scale Barding Armor
25:24 Iron Casting
34:28 Chain Barding Armor
35:53 Fletching
37:21 Husbandry
37:25 Bodkin Arrow
38:16 Hand Cart
40:45 Imperial Age
38:37 Herbal Medicine
40:58 Elite Steppe Lancer
43:56 Blast Furnace
43:32 Masonry
44:18 Bracer
50:08 Conscription
49:09 Elite Mangudai
53:19 Padded Archer Armor
53:29 Thumb Ring
53:49 Parthian Tactics
57:18 Ballistics
57:58 Chemistry
64:48 Murder Holes
65:02 Light Cavalry
oddswill
11:24 Feudal Age
12:19 Double-Bit Axe
13:14 Wheelbarrow
16:46 Horse Collar
19:35 Castle Age
22:23 Bow Saw
22:48 Hand Cart
22:28 Stone Mining
22:31 Gold Mining
22:53 Husbandry
23:00 Heavy Plow
23:49 Bloodlines
27:58 Gold Shaft Mining
27:15 Stone Mining
28:42 Scale Barding Armor
28:37 Murder Holes
28:54 Masonry
28:42 Pikeman
30:14 Chain Barding Armor
31:38 Stone Shaft Mining
31:37 Fletching
39:16 Tusk Swords
40:21 Caravan
41:07 Ballistics
40:44 Bodkin Arrow
41:00 Forging
40:51 Scale Mail Armor
40:51 Padded Archer Armor
48:59 Imperial Age
46:42 Elite Skirmisher
53:31 Elite Battle Elephant
54:53 Hoardings
54:21 Double Crossbow
54:44 Conscription
54:39 Town Watch
55:31 Crop Rotation
54:39 Halberdier
55:05 Arson
56:00 Plate Barding Armor
55:41 Chain Mail Armor
56:02 Iron Casting
55:27 Bracer
57:55 Leather Archer Armor
61:00 Ring Archer Armor
61:34 Blast Furnace
68:47 Chemistry
68:18 Architecture
Connection lost

Rejoining the realm…

Still unreachable

The connection could not be restored.

Session expired

The server has moved on; the page needs a fresh start.